 Dungeon Crawl Stone Soup version 0.29.0-11-gd7f09526c8 (webtiles) character file.

Game seed: 16515753733944272208

170 Shayle the Sneak (level 5, 0/32 HPs)
             Began as a Tengu Brigand on Sept 4, 2022.
             Slain by a gnoll
             ... wielding a +0 club
              (5 damage)
             ... on level 2 of the Dungeon.
             The game lasted 00:05:39 (2261 turns).

Shayle the Sneak (Tengu Brigand)                    Turns: 2261, Time: 00:05:39

Health: 0/32       AC: 12    Str: 11    XL:     5   Next: 51%
Magic:  10/10      EV: 15    Int: 14    God:
Gold:   96         SH:  0    Dex: 15    Spells: 8/10 levels left

rFire   . . .      SeeInvis .   a - +2 dagger (protect)
rCold   . . .      Faith    .   (no shield)
rNeg    . . .      Spirit   .   b - +0 robe
rPois   .          Reflect  .   (helmet restricted)
rElec   .          Harm     .   g - +2 cloak
rCorr   .          Rampage  .   (no gloves)
Will    .....                   (boots unavailable)
Stlth   +++.......              (no amulet)
HPRegen 0.10/turn               (no ring)
MPRegen 0.12/turn               (no ring)

@: under a protective aura, flying quickly and evasively, quick
A: beak, talons 3, nimble flight
a: no special abilities


You were on level 2 of the Dungeon.
You visited 1 branch of the dungeon, and saw 4 of its levels.

You collected 96 gold pieces.

Inventory:

Hand Weapons
 a - a +2 dagger of protection (weapon)
 i - a +0 rapier
Missiles
 d - 9 poisoned darts
 e - 2 curare-tipped darts (quivered)
Armour
 b - a +0 robe (worn)
 g - a +2 cloak (worn)
Wands
 n - a wand of roots (1)
Scrolls
 f - 2 scrolls of identify {unknown}
 h - a scroll of enchant armour {unknown}
 j - a scroll of fog
 k - a scroll of blinking {unknown}
Potions
 c - a potion of curing {unknown}
 l - a potion of might {unknown}
 m - a potion of flight {unknown}


   Skills:
 + Level 3.1 Fighting
 - Level 2.1 Short Blades
 - Level 2.0 Throwing
 + Level 2.9 Dodging
 - Level 4.0 Stealth
 * Level 3.0 Spellcasting
 + Level 0.5 Translocations


You had 8 spell levels left.
You knew the following spells:

 Your Spells              Type           Power      Damage    Failure   Level
a - Blink                 Tloc           6%         N/A       26%         2

Your spell library contained the following spells:

 Spells                   Type           Power      Damage    Failure   Level
 Conjure Flame            Conj/Fire      2%         6-21      54%         3
 Ignite Poison            Fire/Tmut/Pois 2%         N/A       54%         3
 Sticky Flame             Conj/Fire      2%         2d3       91%         4
 Manifold Assault         Tloc           3%         N/A       99%         5
 Storm Form               Tmut/Air       1%         N/A       100%        7


Dungeon Overview and Level Annotations

Branches:
Dungeon (4/15)
 Temple: D:4-7

Altars:
Uskayaw

Shops:
D:2 =


Innate Abilities, Weirdness & Mutations

You have a beak for a mouth.
You have claws for feet.
Your magical nature lets you fly swiftly and evasively.


Message History

You hit the gnoll but do no damage. The gnoll barely misses you. x2
You hit the gnoll but do no damage. Your kick misses the gnoll.
Your peck misses the gnoll. The gnoll hits you with a +0 club.
The gnoll hits you from afar with a +0 spear.
You closely miss the gnoll. The gnoll hits you with a +0 club.
The gnoll misses you.
You hit the gnoll but do no damage.
The gnoll hits you but does no damage. x2
You closely miss the gnoll. You claw the gnoll!
The gnoll is severely wounded.
You barely miss the gnoll. You peck the gnoll.
The gnoll is almost dead.
The gnoll misses you. The gnoll hits you but does no damage.
You hit the gnoll.
You kill the gnoll!
The gnoll barely misses you.
Your Spellcasting skill increases to level 3!
The gnoll hits you with a +0 club. The gnoll hits you but does no damage.
Items here: ))) ††††.
You hit the gnoll.
The gnoll is moderately wounded.
The gnoll barely misses you. x2
You barely miss the gnoll. You claw the gnoll.
You peck the gnoll, but do no damage.
The gnoll is moderately wounded.
The gnoll closely misses you. The gnoll hits you with a +0 spear.
* * * LOW HITPOINT WARNING * * *
You hit the gnoll. You claw the gnoll.
The gnoll is severely wounded.
The gnoll closely misses you. The gnoll hits you with a +0 spear.
* * * LOW HITPOINT WARNING * * *
You hit the gnoll but do no damage. You peck the gnoll.
The gnoll is almost dead.
The gnoll completely misses you. The gnoll misses you.
Unknown command.
Okay, then.
Okay, then.
You hit the gnoll but do no damage. You claw the gnoll, but do no damage.
The gnoll is almost dead.
The gnoll hits you with a +0 club.
You die...

######...# #...g..............
###### #.#.##
#..........#####..
.#...###....## #..........# ..
......###.#..###......)...# .
.......##..#...#......>...#
.......###.###.......>....#
............####..........#
......#........gg.............
...............#@#..##.#######
...............#.##.....#
.......####.####.##.#.#.#
.......####.# #....#...#
#........##.# ####.##..#
##...###.##.# #..##.# #####
#.##.# # #.##.# #....#


You could see 2 gnolls.

Vanquished Creatures
  Jessica (D:2)
  Robin (D:1)
  A gnoll (D:2)
  5 adders
  2 worms (D:2)
  3 dart slugs
  5 ball pythons
  4 endoplasms
  4 giant cockroaches
  10 goblins
  4 hobgoblins (D:2)
  A jackal (D:3)
  A kobold (D:2)
  5 quokkas
  7 bats
  3 frilled lizards
  6 rats
63 creatures vanquished.

Notes
Turn   | Place    | Note
-------+----------+-------------------------------------------
     0 | D:1      | Shayle the Tengu Brigand began the quest for the Orb.
     0 | D:1      | Reached XP level 1. HP: 12/12 MP: 2/2
   122 | D:1      | Reached XP level 2. HP: 17/17 MP: 4/4
   126 | D:1      | Reached skill level 1 in Spellcasting
   725 | D:1      | Reached XP level 3. HP: 22/22 MP: 6/6
  1131 | D:2      | Found a faded altar of an unknown god.
  1177 | D:2      | Noticed Jessica
  1184 | D:2      | Killed Jessica
  1185 | D:2      | Reached XP level 4. HP: 27/27 MP: 6/8
  1280 | D:2      | Found Odij Fie's Jewellery Shoppe.
  1332 | D:2      | Found a hide-covered altar of Uskayaw.
  1351 | D:2      | Noticed Robin
  1637 | D:3      | You fall into a shaft and drop 1 floor!
  1675 | D:3      | Learned a level 2 spell: Blink
  1707 | D:3      | Gained mutation: Your magical nature lets you fly swiftly
                  | and evasively. [Tengu growth]
  1707 | D:3      | Reached XP level 5. HP: 32/32 MP: 10/10
  2017 | D:1      | Killed Robin
  2261 | D:2      | Slain by a gnoll

Illustrated notes

Levels and vault maps discovered:
D:1:      dpeg_arrival_shrine, layout_loops_corners
D:2:      layout_rooms, basic_altar, nicolae_ecumenical_oubliette, serial_shops,
          nicolae_shop_trees, hangedman_abyss_or_decor_stabs, uniq_jessica,
          uniq_robin
D:3:      layout_loops_ring
D:4:      wad_lake_hut, layout_rooms, serial_shops, nicolae_square_shop,
          kennysheep_mini, nicolae_shop_statue_plus, shop_fountains,
          hangedman_decor_riveting, uniq_pikel

Skill      XL: |  1  2  3  4  5 |
---------------+----------------+-----
Spellcasting   | 1 2 3 |  3.0
Dodging        | 2 |  2.9
Fighting       | 3 |  3.1
Short Blades   | |  2.1
Throwing       | |  2.0
Stealth        | |  4.0
Translocations | |  0.5

Action                   |  1- 3 |  4- 6 || total
-------------------------+-------+-------++-------
Melee: Dagger            |    61 |    90 ||   151
       Kick              |    14 |    22 ||    36
       Peck              |     5 |    11 ||    16
       Punch             |       |     1 ||     1
Throw: Dart              |       |     1 ||     1
  Use: Scroll            |       |     3 ||     3
 Stab: Sleeping          |     6 |    11 ||    17
Armor: Robe              |    13 |    21 ||    34
Dodge: Dodged            |    33 |    47 ||    80
